 Dungeon Crawl Stone Soup version 0.20.0-10-g0535bb4 (webtiles) character file.

133 Naow the Cudgeler (level 4, -4/35 HPs)
             Began as a Demonspawn Monk on June 7, 2017.
             Slain by an orc
             ... wielding a +0 hand axe
              (9 damage)
             ... on level 2 of the Dungeon.
             The game lasted 00:03:15 (2699 turns).

Naow the Cudgeler (Demonspawn Monk)                 Turns: 2699, Time: 00:03:16

Health: -4/35      AC:  3    Str: 12    XL:     4   Next: 93%
Magic:  4/4        EV: 13    Int: 12    God:
Gold:   130        SH:  0    Dex: 15    Spells: 3/3 levels left

rFire    . . .     SeeInvis .   a - +0 mace
rCold    . . .     Gourm    .   (no shield)
rNeg     . . .     Faith    .   b - +0 robe
rPois    .         Spirit   .   (no helmet)
rElec    .         Reflect  .   o - scarf {cloud immunity}
rCorr    .         Harm     .   (no gloves)
MR       .....                  e - +0 pair of boots
Stlth    +++.......             (no amulet)
Regen    0.2/turn               (no ring)
MPRegen  0.1/turn               (no ring)

@: no status effects
A: claws 1, nightstalker 1
a: no special abilities


You were on level 2 of the Dungeon.
You were hungry.

You visited 1 branch of the dungeon, and saw 4 of its levels.

You collected 130 gold pieces.

Inventory:

Hand Weapons
 a - a +0 mace (weapon)
Armour
 b - a +0 robe (worn)
 e - a +0 pair of boots (worn)
 o - a scarf of cloud immunity (worn)
Scrolls
 f - a scroll of teleportation {unknown}
 j - a scroll of blinking {unknown}
 m - 2 scrolls of remove curse {unknown}
 n - a scroll of recharging {unknown}
 p - a scroll of amnesia {unknown}
 q - a scroll of enchant armour {unknown}
 r - a scroll of random uselessness {unknown}
Potions
 h - a potion of brilliance {unknown}
 i - a potion of flight {unknown}
 k - a potion of agility {unknown}
 l - a potion of ambrosia {unknown}
 t - a potion of curing {unknown}
Comestibles
 c - 3 bread rations
 d - a royal jelly
 g - 2 meat rations


   Skills:
 - Level 3.0 Fighting
 + Level 5.1 Maces & Flails
 - Level 2.6 Dodging
 - Level 1.7 Stealth


You had 3 spell levels left.
You didn't know any spells.

Dungeon Overview and Level Annotations

Branches:
Dungeon (4/15)
 Temple: D:4-7

Altars:

Annotations:
D:3 Grinder
D:4 DrakieV's ghost, amateur DsMo


Innate Abilities, Weirdness & Mutations

You have sharp fingernails.
You are slightly more attuned to the shadows.


Message History

The orc hits you with a hand axe.
The orc priest hits you but does no damage.
The orc hits you with a hand axe!
The orc priest hits you but does no damage.
You climb upwards.
There is a stone staircase leading down here.
You hit the orc priest but do no damage.
The orc hits you with a hand axe. The orc priest barely misses you.
You closely miss the orc priest. The orc hits you with a hand axe.
The orc priest closely misses you.
You closely miss the orc priest. The orc hits you but does no damage.
The orc priest begins to cast a cantrip, but forgets the words!
You hit the orc priest but do no damage.
The orc closely misses you.
The orc priest hits you with a hand axe!
* * * LOW HITPOINT WARNING * * *
You hit the orc priest.
The orc priest is lightly wounded.
The orc hits you with a hand axe!
You die...

###........# ...###.##### ##.#
#.# .#.# #.####### #########
##.###.#.....# ######.......#
.......#.....#####...##[#####.#
##.#####..............#..>....#
##...............o.#.......#..#
##..####........@o###.#.##.#..#
....####.#.##.>....#.##.##.#..#
###.##.....##.....#.###.......#
#(##.#.####.####### #.##.#.##
###.##.#.####.# #......#
..............###### ####.###
###.##.#######.....# #.#
....##.# #####.....# #.#
.......###.........# #.#


You could see an orc priest and an orc.

Vanquished Creatures
  An orc priest (D:3)
  3 gnolls (D:4)
  2 adders (D:2)
  An ooze (D:1)
  2 worms (D:2)
  2 dart slugs (D:1)
  A leopard gecko (D:2)
  2 orcs (D:3)
  3 bats
  2 goblins
  6 hobgoblins
  6 kobolds
  5 frilled lizards
  8 rats
44 creatures vanquished.

Notes
Turn   | Place    | Note
-------+----------+-------------------------------------------
     0 | D:1      | Naow the Demonspawn Monk began the quest for the Orb.
     0 | D:1      | Reached XP level 1. HP: 18/18 MP: 1/1
   324 | D:1      | Reached skill level 3 in Maces & Flails
   412 | D:1      | Gained mutation: You are slightly more attuned to the shadows. [demonic ancestry]
   412 | D:1      | Reached XP level 2. HP: 24/24 MP: 2/2
   918 | D:2      | Gained mutation: You have sharp fingernails. [demonic ancestry]
   918 | D:2      | Reached XP level 3. HP: 29/29 MP: 3/3
   931 | D:2      | Reached skill level 4 in Maces & Flails
  1891 | D:3      | Noticed Grinder
  2030 | D:3      | Reached XP level 4. HP: 35/35 MP: 4/4
  2238 | D:4      | Noticed DrakieV's ghost (amateur DsMo)
  2267 | D:3      | Paralysed by Grinder for 3 turns
  2517 | D:3      | Reached skill level 5 in Maces & Flails
  2699 | D:2      | Slain by an orc

Skill      XL: |  1  2  3  4 |
---------------+-------------+-----
Maces & Flails | 3 4 5 |  5.1
Fighting       | |  3.0
Dodging        | |  2.6
Stealth        | |  1.7

Action                   |  1- 3 |  4- 6 || total
-------------------------+-------+-------++-------
Melee: Mace              |   110 |    34 ||   144
 Stab: Sleeping          |     6 |     1 ||     7
       Distracted        |       |     1 ||     1
  Eat: Chunk             |     3 |     2 ||     5
Armor: Robe              |    22 |     6 ||    28
Dodge: Dodged            |    76 |    18 ||    94
